 Dungeon Crawl Stone Soup version 0.19-a0-1740-g0bcaf2e (webtiles) character file.

347 Amnesiac the Magician (level 6, -2/32 HPs)
             Began as a Deep Elf Earth Elementalist on Oct 2, 2016.
             Slain by an ice beast (13 damage)
             ... on level 4 of the Dungeon.
             The game lasted 00:03:51 (1455 turns).

Amnesiac the Magician (Deep Elf Earth Elementalist) Turns: 1455, Time: 00:03:52

Health: -2/32      AC:  3    Str:  5    XL:     6   Next: 33%
Magic:  11/15      EV: 13    Int: 20    God:
Gold:   72         SH:  0    Dex: 19    Spells: 3 memorised, 8 levels left

rFire  . . .     SeeInvis .     b - 61 stones
rCold  . . .     Gourm    .     c - +0 robe
rNeg   . . .     Faith    .     (no shield)
rPois  .         Spirit   .     (no helmet)
rElec  .         Dismiss  .     (no cloak)
rCorr  .         Reflect  .     j - +0 pair of gloves
MR     .....     Harm     .     (no boots)
Stlth  +++.......               (no amulet)
                                (no ring)
                                i - +2 ring of dexterity

@: no status effects
A: no striking features
a: no special abilities


You were on level 4 of the Dungeon.
You were not hungry.

You visited 1 branch of the dungeon, and saw 4 of its levels.

You collected 72 gold pieces.

Inventory:

Hand Weapons
 a - a +2 dagger of venom
 g - a +2 spear of venom
Missiles
 b - 61 stones (in hand)
Armour
 c - a +0 robe (worn)
 j - a +0 pair of gloves (worn)
Jewellery
 i - a +2 ring of dexterity (left hand)
Scrolls
 k - 3 scrolls of magic mapping {unknown}
Potions
 f - a potion of degeneration {unknown}
 m - a potion of cancellation
 n - 3 potions of curing {unknown}
 o - a potion of resistance {unknown}
Books
 e - a book of Geomancy

   Spells                             Type                      Level
   a - Sandblast                      Earth                        1
   b - Passwall                       Transmutation/Earth          2
   c - Stone Arrow                    Conjuration/Earth            3
   d - Petrify                        Transmutation/Earth          4
   e - Lee's Rapid Deconstruction     Earth                        5
Comestibles
 d - a bread ration
 h - a slice of pizza
 l - 2 meat rations
 p - 4 chunks of flesh


   Skills:
 + Level 2.6 Short Blades
 - Level 2.4 Dodging
 - Level 4.0 Stealth
 - Level 5.0 Spellcasting
 - Level 4.0 Transmutations
 - Level 4.0 Earth Magic


You had 8 spell levels left.
You knew the following spells:

 Your Spells              Type           Power        Failure   Level  Hunger
e - Petrify               Tmut/Erth      ###.....     24%         4    ####...
f - Sandblast             Erth           ###...       2%          1    None
v - Passwall              Tmut/Erth      ###.......   3%          2    None


Dungeon Overview and Level Annotations

Branches:
Dungeon (4/15)
 Temple: D:4-7

Altars:


Message History

Your +2 dagger of venom stops dripping with poison.
b - 63 stones (in hand)
The ice beast closely misses you.
Casting: Passwall
Confirm with . or Enter, or press ? or * to list all spells.
Aiming: Sandblast
Press: ? - help, Shift-Dir - straight line, f - ice beast
Aim: an ice beast (severely wounded)
The rocky blast hits the ice beast.
The ice beast is almost dead.
The ice beast hits you. The ice beast freezes you!
Casting: Sandblast
Confirm with . or Enter, or press ? or * to list all spells.
Aiming: Sandblast
Press: ? - help, Shift-Dir - straight line, f/p - ice beast
Aim: an ice beast (almost dead)
The rocky blast hits the ice beast.
The ice beast is almost dead.
The ice beast hits you. The ice beast freezes you!
You die...

####### ### ##.....##.....#
#..............# .
................ #........
................ #..%?....
................##$........
................ #.........#
...............Y##..(......#
................@..........#
...............###.........# ###
##.....#......# #.........# ##..
########.#.#######.........###...
## #.#......##.........##.... .##
#.######.###.......# #.... ..##
#..# #.####.....## #....
#..######.### #..#####.### #....
##..........####...)...# #....


You could see an ice beast.

Vanquished Creatures
  An ogre (D:4)
  A hound (D:4)
  A bullfrog skeleton (D:4)
  2 orc wizards (D:4)
  An iguana (D:4)
  A worker ant (D:4)
  2 hound skeletons (D:4)
  2 adders (D:2)
  2 adder skeletons (D:4)
  A worm (D:4)
  2 dart slugs
  3 orcs (D:4)
  A ball python (D:4)
  3 bats (D:2)
  4 giant cockroaches
  2 goblins (D:2)
  2 jackals (D:4)
  A quokka (D:4)
  4 frilled lizards
  3 kobolds
  3 rats (D:2)
42 creatures vanquished.

Notes
Turn   | Place    | Note
-------+----------+-------------------------------------------
     0 | D:1      | Amnesiac the Deep Elf Earth Elementalist began the quest for the Orb.
     0 | D:1      | Reached XP level 1. HP: 10/10 MP: 6/6
   238 | D:2      | Reached skill level 1 in Short Blades
   238 | D:2      | Reached XP level 2. HP: 15/15 MP: 6/8
   405 | D:2      | Reached XP level 3. HP: 19/19 MP: 7/9
   413 | D:2      | Learned a level 2 spell: Passwall
   620 | D:4      | Reached XP level 4. HP: 24/24 MP: 6/10
   636 | D:4      | Learned a level 4 spell: Petrify
   737 | D:4      | Reached XP level 5. HP: 18/28 MP: 3/11
   873 | D:4      | Noticed an ogre
   894 | D:4      | Killed an ogre
   894 | D:4      | Reached skill level 4 in Spellcasting
   948 | D:4      | Reached XP level 6. HP: 31/32 MP: 14/14
  1176 | D:4      | Reached skill level 5 in Spellcasting
  1236 | D:4      | Noticed an ice beast
  1455 | D:4      | Slain by an ice beast

Vault maps used:
D:1:      sevenhm_arrival_forest_fort_large_1
D:2:      zin_purify, first_bread
D:3:      uniq_natasha, uniq_jessica

Skill      XL: |  1  2  3  4  5  6 |
---------------+-------------------+-----
Short Blades   | 1 2 |  2.6
Stealth        | 3 4 |  4.0
Transmutations | 2 4 |  4.0
Spellcasting   | 4 5 |  5.0
Earth Magic    | 4 |  4.0
Dodging        | |  2.4

Action                   |  1- 3 |  4- 6 || total
-------------------------+-------+-------++-------
Melee: Dagger            |     5 |    34 ||    39
 Cast: Sandblast         |    25 |    21 ||    46
       Petrify           |       |     4 ||     4
       Passwall          |       |     4 ||     4
  Use: Scroll            |       |     3 ||     3
 Stab: Petrified         |       |     5 ||     5
       Sleeping          |       |     2 ||     2
  Eat: Chunk             |       |     2 ||     2
Armor: Robe              |       |     4 ||     4
Dodge: Dodged            |     5 |    13 ||    18
